 Dungeon Crawl Stone Soup version 0.19.1 (webtiles) character file.

21015 Derfel the Severer (level 12, 0/165 HPs)
             Began as a Minotaur Berserker on Nov 28, 2016.
             Was a High Priest of Trog.
             Slain by a minotaur
             ... wielding a +1 iron rod (5/11)
              (4 damage)
             ... in a labyrinth.
             The game lasted 00:41:37 (11574 turns).

Derfel the Severer (Minotaur Berserker)            Turns: 11574, Time: 00:41:37

Health: 0/165      AC: 26    Str: 24    XL:     12   Next: 50%
Magic:  11/11      EV:  2    Int:  4    God:    Trog [*****.]
Gold:   582        SH:  5    Dex: 15    Spells: 0 memorised, 11 levels left

rFire  . . .     SeeInvis .     C - +1 war axe
rCold  + . .     Gourm    .     (armour currently unavailable)
rNeg   + + +     Faith    .     H - +0 buckler (curse)
rPois  +         Spirit   .     (helmet currently unavailable)
rElec  .         Reflect  .     (cloak currently unavailable)
rCorr  .         Harm     .     (gloves currently unavailable)
MR     .....     NoTele   +     (boots currently unavailable)
Stlth  +.........               E - amulet of regeneration
                                J - ring of protection from cold
                                m - +2 ring of strength

@: exhausted, tree-form, slowed, very slow
A: (retaliatory headbutt), (horns 0)
a: Berserk, Trog's Hand, Brothers in Arms, Burn Spellbooks, Renounce Religion


You were in a labyrinth.
You worshipped Trog.
Trog was extremely pleased with you.
You were not hungry.
You were a tree.
You visited 2 branches of the dungeon, and saw 14 of its levels.
You also visited: Labyrinth, Sewer and Ossuary.

You collected 750 gold pieces.
You spent 168 gold pieces at shops.

Inventory:

Hand Weapons
 C - a +1 war axe (weapon)
Missiles
 z - 6 silver tomahawks (quivered)
Armour
 g - a +0 pair of boots (melded)
 k - a +2 scale mail of fire resistance
 H - a cursed +0 buckler (worn)
 I - a +0 plate armour (melded)
 P - a +0 cloak (melded)
 Q - a +0 pair of gloves (melded)
 R - a +1 hat (melded)
Jewellery
 m - a +2 ring of strength (left branch)
 E - an amulet of regeneration (around neck)
 J - a ring of protection from cold (right branch)
Wands
 e - a wand of slowing (48/48)
 q - a wand of confusion (17/48)
 r - a wand of disintegration (9/24)
 y - a wand of acid (11/15)
 G - a wand of acid (10/15)
 T - a wand of lightning (2/15)
Scrolls
 b - 2 scrolls of recharging
 d - 6 scrolls of remove curse
 j - 12 scrolls of teleportation
 p - 3 scrolls of blinking
 t - a scroll of fear {unknown}
 v - 3 scrolls of enchant weapon
 A - 2 scrolls of fog
 B - a scroll of brand weapon {unknown}
 M - 3 scrolls of identify
Potions
 h - a potion of invisibility
 i - 2 potions of haste
 n - 4 potions of curing
 s - 3 potions of resistance
 u - 4 potions of heal wounds
 x - 5 potions of flight
 D - 2 potions of lignification
 F - a potion of cure mutation
 K - 4 potions of degeneration
 L - 2 potions of ambrosia
 O - a potion of magic
Books
 w - a Young Poisoner's Handbook

   Spells                             Type                      Level
   a - Sting                          Conjuration/Poison           1
   b - Mephitic Cloud                 Conjuration/Poison/Air       3
   c - Olgreb's Toxic Radiance        Poison                       4
   d - Alistair's Intoxication        Transmutation/Poison         5
   e - Venom Bolt                     Conjuration/Poison           5
   Trog disapproves of the use of such an item.
Comestibles
 c - 6 bread rations
 f - 4 slices of pizza
 o - 11 meat rations
 N - 12 royal jellies


   Skills:
 + Level 11.6 Fighting
 * Level 15.2 Axes
 + Level 11.4 Armour
 + Level 10.4 Dodging
 + Level 2.7 Shields
 - Level 1.0 Unarmed Combat


You had 11 spell levels left.
You didn't know any spells.

Dungeon Overview and Level Annotations

Branches:
Dungeon (11/15)            Temple (0/1) D:6            Lair (3/6) D:9
 Spider (0/4) Lair:2
  Swamp: Lair:2-4    Shoals: Lair:2-4       Orc: D:9-12

Altars:
Cheibriados
Elyvilon
Fedhas
Kikubaaqudgha
Nemelex Xobeh
Okawaru
Trog
Uskayaw
Zin

Shops:
D:7 *   D:8 (   D:9 ?*}


Innate Abilities, Weirdness & Mutations

((You reflexively headbutt those who attack you in melee.))
((You have a pair of horns on your head.))


Message History

The minotaur is severely wounded.
The minotaur hits you with an iron rod!!
* * * LOW HITPOINT WARNING * * *
The minotaur gores you but does no damage.
The minotaur hits you but does no damage.
The minotaur gores you but does no damage.
You hit the minotaur but do no damage.
The minotaur is severely wounded.
The minotaur hits you but does no damage.
The minotaur barely misses you.
The minotaur hits you with an iron rod!!
* * * LOW HITPOINT WARNING * * *
The minotaur gores you.
* * * LOW HITPOINT WARNING * * *
You slash the minotaur!
The minotaur is almost dead.
The minotaur hits you with an iron rod!
* * * LOW HITPOINT WARNING * * *
You block the minotaur's attack. The minotaur hits you with an iron rod.
You die...

#.. ..# ##.
# .# # # #
#.. #...
...#. .
.###..# ..#
. . .. .. .#
...#. ####
#####. # .#
# .
#.........
.. . #
#.########..
.
.#.H♣...#..
.. #
.#.####.# ..
# # #.#. ...
# # ####.#.
####
#....... ..
##### ##.


You could see a minotaur.

Vanquished Creatures
  Gastronok (D:8)
  Erica (D:8)
  5 death yaks (Lair:2)
  A black mamba (Lair:2)
  2 spiny frogs (Lair:2)
  8 komodo dragons
  A troll (D:8)
  4 jumping spiders (Lair:2)
  Grinder (D:4)
  Sigmund (D:6)
  2 hippogriffs
  22 yaks
  2 wyverns
  2 redbacks (Lair:2)
  A steam dragon (D:10)
  2 hungry ghosts (D:9)
  10 water moccasins
  4 porcupines
  5 orc warriors
  An eye of draining (D:10)
  A phantom (D:9)
  3 ice beasts
  A sky beast (D:8)
  2 black bears
  4 ogres
  2 centaurs
  4 crocodiles
  2 big kobolds (Sewer)
  An elf zombie (Ossuary)
  5 bullfrogs
  A water moccasin zombie (D:9)
  5 scorpions
  3 human zombies (Ossuary)
  2 crimson imps
  2 centaur zombies
  4 hounds
  4 jellies
  6 orc priests
  Crazy Yiuf (D:2)
  8 orc wizards
  5 bullfrog skeletons
  12 iguanas
  4 worker ants
  A big kobold zombie (Ossuary)
  3 hound zombies
  A hound skeleton (D:6)
  3 mummies (Ossuary)
  3 worker ant zombies
  3 gnolls (D:4)
  A howler monkey skeleton (D:7)
  11 adders
  2 shadow imps
  8 oozes
  An adder zombie (Ossuary)
  3 worms
  4 dart slugs
  10 leopard geckos
  26 orcs
  4 ball pythons (Sewer)
  6 bats
  9 giant cockroaches
  2 gnoll zombies (Ossuary)
  10 hobgoblins
  3 jackals (D:3)
  3 quokkas
  3 frilled lizards
  19 goblins
  2 goblin zombies (Ossuary)
  6 hobgoblin zombies (Ossuary)
  3 jackal zombies
  15 kobolds
  4 kobold zombies (Ossuary)
  3 leopard gecko skeletons
  3 orc zombies (Ossuary)
  5 quokka zombies (Ossuary)
  12 rats
  3 rat zombies (Ossuary)
  A plant (Lair:2)
354 creatures vanquished.

Vanquished Creatures (collateral kills)
  A hydra (Lair:3)
  3 yaks (Lair:3)
4 creatures vanquished.

Vanquished Creatures (others)
  A human (D:4)
  An orc wizard (D:9)
  A plant (Lair:2)
3 creatures vanquished.

Grand Total: 361 creatures vanquished

Notes
Turn   | Place    | Note
-------+----------+-------------------------------------------
     0 | D:1      | Derfel the Minotaur Berserker began the quest for the Orb.
     0 | D:1      | Reached XP level 1. HP: 19/19 MP: 0/0
   226 | D:1      | Reached XP level 2. HP: 20/27 MP: 1/1
   506 | D:1      | Reached skill level 4 in Axes
   661 | D:1      | Reached XP level 3. HP: 33/33 MP: 2/2
  1034 | D:2      | Reached ** piety under Trog
  1044 | D:2      | Reached skill level 1 in Unarmed Combat
  1159 | D:2      | Reached XP level 4. HP: 40/40 MP: 3/3
  1263 | D:2      | Found a runed door.
  1267 | D:2      | Noticed Crazy Yiuf
  1272 | D:2      | Killed Crazy Yiuf
  1759 | D:3      | Found a sparkling altar of Nemelex Xobeh.
  1828 | D:3      | Reached skill level 5 in Axes
  1828 | D:3      | Reached XP level 5. HP: 43/47 MP: 4/4
  1932 | D:3      | Reached *** piety under Trog
  1968 | D:3      | Found a bloodstained altar of Trog.
  2177 | D:3      | Found a snail-covered altar of Cheibriados.
  2398 | D:4      | Noticed an ogre
  2405 | D:4      | Reached skill level 5 in Fighting
  2406 | D:4      | Killed an ogre
  2406 | D:4      | Reached XP level 6. HP: 56/56 MP: 5/5
  2454 | D:4      | Found an ancient bone altar of Kikubaaqudgha.
  2530 | D:4      | Found a glowing drain.
  2551 | Sewer    | Entered a sewer
  2567 | Sewer    | Received a gift from Trog
  2629 | Sewer    | Reached skill level 6 in Axes
  2859 | Sewer    | Reached XP level 7. HP: 59/61 MP: 6/6
  3089 | D:4      | Noticed Grinder
  3094 | D:4      | Killed Grinder
  3094 | D:4      | Reached skill level 7 in Axes
  3094 | D:4      | Reached skill level 5 in Armour
  3179 | D:4      | Got a fine leather armour
  3324 | D:4      | Reached **** piety under Trog
  3354 | D:4      | Found an ancient bone altar of Kikubaaqudgha.
  3354 | D:4      | Noticed a human
  3358 | D:4      | Killed a human
  3446 | D:4      | Identified the +1 leather armour of Awe {rF+ rN+ Dex-5 Slay+3} (You found it on level 4 of the Dungeon)
  3591 | D:5      | Entered Level 5 of the Dungeon
  4034 | D:5      | Reached skill level 5 in Dodging
  4034 | D:5      | Reached XP level 8. HP: 66/70 MP: 7/7
  4429 | D:5      | Found a glowing silver altar of Zin.
  4430 | D:5      | Noticed an angel
  4460 | D:5      | Reached skill level 8 in Axes
  5024 | D:6      | Reached skill level 9 in Axes
  5124 | D:6      | Noticed Sigmund
  5134 | D:6      | Killed Sigmund
  5182 | D:6      | Reached XP level 9. HP: 73/79 MP: 8/8
  5251 | D:6      | Found an iron altar of Okawaru.
  5308 | D:6      | Found a staircase to the Ecumenical Temple.
  5839 | D:7      | Found a sand-covered staircase.
  5850 | Ossuary  | Entered an ossuary
  5900 | Ossuary  | Reached skill level 10 in Axes
  5911 | Ossuary  | Reached ***** piety under Trog
  6286 | D:7      | Found Yhiogobe's General Store.
  6593 | D:8      | Found Otach's Antique Weapon Boutique.
  6637 | D:8      | Noticed Erica
  6646 | D:8      | Killed Erica
  6646 | D:8      | Reached skill level 11 in Axes
  6759 | D:8      | Found a white marble altar of Elyvilon.
  6777 | D:8      | Received a gift from Trog
  6822 | D:8      | Noticed a troll
  6829 | D:8      | Killed a troll
  6829 | D:8      | Reached XP level 10. HP: 90/90 MP: 9/9
  7040 | D:8      | Noticed Gastronok
  7058 | D:8      | Killed Gastronok
  7058 | D:8      | Reached skill level 12 in Axes
  7383 | D:9      | Found a staircase to the Lair.
  7519 | D:9      | Found a hide-covered altar of Uskayaw.
  7706 | D:9      | Found Mugaso's Assorted Antiques.
  7869 | D:9      | Reached XP level 11. HP: 99/99 MP: 10/10
  7992 | D:9      | Found a blossoming altar of Fedhas.
  8049 | D:9      | Found Noxoutz's Magic Scroll Emporium.
  8057 | D:9      | Bought a scroll of teleportation for 42 gold pieces
  8057 | D:9      | Bought 3 scrolls of identify for 84 gold pieces
  8057 | D:9      | Bought a scroll of teleportation for 42 gold pieces
  8258 | D:9      | Found Sotiffoh's Gadget Shop.
  8467 | D:10     | Entered Level 10 of the Dungeon
  8622 | D:10     | Reached skill level 10 in Fighting
  8991 | D:10     | Reached skill level 13 in Axes
  9133 | Lair:1   | Entered Level 1 of the Lair of Beasts
  9269 | Lair:1   | Reached skill level 10 in Armour
  9342 | Lair:1   | Received a gift from Trog
 10122 | Lair:2   | Reached skill level 14 in Axes
 10137 | Lair:2   | Found a hole to the Spider Nest.
 10396 | Lair:2   | Noticed a death yak
 10396 | Lair:2   | Noticed a death yak
 10396 | Lair:2   | Noticed a death yak
 10396 | Lair:2   | Noticed a death yak
 10396 | Lair:2   | Noticed a death yak
 10435 | Lair:2   | Killed a death yak
 10453 | Lair:2   | Killed a death yak
 10455 | Lair:2   | Killed a death yak
 10455 | Lair:2   | Reached XP level 12. HP: 82/110 MP: 11/11
 10460 | Lair:2   | Killed a death yak
 10464 | Lair:2   | Reached skill level 10 in Dodging
 10468 | Lair:2   | Killed a death yak
 10788 | Lair:2   | Received a gift from Trog
 10788 | Lair:2   | Reached skill level 15 in Axes
 10961 | Lair:2   | Reached skill level 1 in Shields
 11311 | Lair:3   | Noticed a seven-headed hydra
 11326 | Lair:3   | Killed a nine-headed hydra
 11415 | Lair:3   | Found a labyrinth entrance.
 11428 | Lab      | Entered a labyrinth
 11560 | Lab      | Noticed a minotaur
 11574 | Lab      | HP: 4/165 [minotaur/iron rod (16)]
 11574 | Lab      | Slain by a minotaur

Skill      XL: |  1  2  3  4  5  6  7  8  9 10 11 12 |
---------------+-------------------------------------+-----
Axes           | 4 5 6 7 9 11 12 14 15 | 15.2
Fighting       | 4 5 6 7 8 9 11 | 11.6
Armour         | 3 4 5 6 8 9 10 11 | 11.4
Unarmed Combat | 1 |  1.0
Dodging        | 3 4 5 6 7 8 9 10 | 10.4
Shields        | 2 |  2.7

Action                   |  1- 3 |  4- 6 |  7- 9 | 10-12 || total
-------------------------+-------+-------+-------+-------++-------
Melee: Hand axe          |    48 |   197 |    28 |       ||   273
       Headbutt          |     6 |    24 |    80 |   143 ||   253
       War axe           |       |       |   265 |   492 ||   757
       Punch             |       |       |     1 |       ||     1
Throw: Stone             |       |     1 |       |       ||     1
Invok: Berserk           |     3 |     4 |     5 |     6 ||    18
       Trog's Hand       |       |     1 |     4 |     2 ||     7
       Brothers in Arms  |       |       |       |     2 ||     2
       Burn Spellbooks   |       |       |       |     1 ||     1
  Use: Scroll            |       |       |    15 |    11 ||    26
       Potion            |       |       |       |     3 ||     3
  Eat: Chunk             |     3 |    10 |    17 |    20 ||    50
       Beef jerky        |       |       |     1 |     3 ||     4
Armor: Animal skin       |     5 |       |       |       ||     5
       Ring mail         |    15 |    57 |     6 |       ||    78
       Leather armour    |       |       |    15 |       ||    15
       Plate armour      |       |       |   120 |   229 ||   349
       Skin              |       |       |       |    10 ||    10
Dodge: Dodged            |    32 |   122 |   154 |   211 ||   519
Block: Buckler           |       |       |       |    63 ||    63
